[Event "Grand Prix Romania 1st Stage 2024"]
[Site "Bucuresti"]
[Date "2024.03.23"]
[Round "1.38"]
[White "Ionescu, Catalin"]
[Black "Efroimski, Marsel"]
[Result "0-1"]
[ECO "B23"]
[WhiteElo "1707"]
[BlackElo "2467"]
[Annotator "TA"]
[PlyCount "80"]
[EventDate "2024.03.20"]
[EventCountry "ROU"]
[SourceTitle "playchess.com"]
[Source "ChessBase"]
[SourceQuality "1"]
[TimeControl "900+5"]

1. e4 c5 2. Nc3 Nc6 3. f4 g6 4. Nf3 Bg7 5. Bb5 Nd4 6. O-O e6 7. d3 a6 8. Ba4 b5 9. Bb3 {[%emt 0:00:01] The position is equal.} Ne7 10. Ne2 (10. e5 $11) 10... Nxf3+ $15 11. Rxf3 d5 $36 {[%emt 0:00:15][%mdl 2048] [#] ...dxe4 is the strong threat. Black has some pressure.} 12. c3 Bb7 13. Bc2 {[%emt 0:00:36] White does not recover from this.} (13. e5 $15) 13... dxe4 $19 14. dxe4 Qxd1+ 15. Bxd1 Bxe4 16. Rf1 O-O 17. Ng3 Bd3 18. Be2 Bxe2 19. Nxe2 Nd5 20. Bd2 Rab8 21. Rab1 Rfd8 22. Rfd1 Rd7 23. Be1 Rbd8 24. Bf2 {[%emt 0:00:09] [#]} (24. Bh4 {keeps fighting.} f6 25. Re1) 24... Nxf4 $1 25. Rxd7 Nxe2+ 26. Kf1 Rxd7 27. Kxe2 {[%emt 0:00:02][%mdl 4096] Endgame. KRB-KRB} c4 28. Be3 f5 29. Rf1 e5 30. g3 Kf7 31. b3 e4 32. Bd2 Rc7 {[%emt 0:00:08] White must now prevent ...cxb3.} 33. g4 (33. Rd1 $142) 33... Ke6 {[%emt 0:00:04] Black is clearly winning.} 34. gxf5+ gxf5 35. Rc1 Be5 36. h3 Rg7 37. bxc4 Rg2+ 38. Kd1 Rg1+ 39. Kc2 Rxc1+ 40. Bxc1 bxc4 {[%emt 0:00:02] Weighted Error Value: White=0.89/Black=0.20 (precise) .  Mistake:       	White=4     	---        Inaccurate:     	---       	Black=1      OK:         	White=8     	Black=18     Best:        	White=3     	Black=2} 0-1

[Event "Grand Prix Romania 1st Stage 2024"]
[Site "Bucuresti"]
[Date "2024.03.23"]
[Round "1.39"]
[White "Manolache, Marius"]
[Black "Armeanu, Ninel-Claudiu"]
[Result "1-0"]
[ECO "D45"]
[WhiteElo "2387"]
[BlackElo "1716"]
[Annotator "RC"]
[PlyCount "57"]
[EventDate "2024.03.20"]
[EventCountry "ROU"]
[SourceTitle "playchess.com"]
[Source "ChessBase"]
[SourceQuality "1"]
[TimeControl "900+5"]

1. d4 d5 2. Nf3 Nf6 3. c4 e6 4. Nc3 c6 5. e3 Be7 6. Qc2 Na6 7. a3 Nc7 8. e4 dxe4 9. Nxe4 O-O 10. h4 h6 11. Nxf6+ Bxf6 12. Be3 b5 13. Ng5 g6 14. Nf3 h5 15. Bd3 Kg7 16. Qd2 Rh8 17. Rc1 bxc4 18. Rxc4 Bb7 19. O-O Nd5 20. Bg5 Rc8 21. Re1 Bxg5 22. hxg5 Qd6 23. Rc5 h4 24. Be4 h3 25. g3 Rh5 26. Kh2 Rd8 27. Bxd5 cxd5 28. Rec1 Rh4 29. Nxh4 1-0

[Event "Grand Prix Romania 1st Stage 2024"]
[Site "Bucuresti"]
[Date "2024.03.23"]
[Round "2.1"]
[White "Capata, Ion"]
[Black "Motylev, Alexander"]
[Result "0-1"]
[ECO "B22"]
[WhiteElo "2038"]
[BlackElo "2611"]
[Annotator "RC"]
[PlyCount "98"]
[EventDate "2024.03.20"]
[EventType "swiss"]
[EventCountry "ROU"]
[SourceTitle "playchess.com"]
[Source "ChessBase"]
[SourceQuality "1"]
[TimeControl "900+5"]

1. e4 c5 2. c3 d5 3. exd5 Qxd5 4. Nf3 Nf6 5. Na3 Nc6 6. d4 e6 7. Be3 cxd4 8. Nb5 Qd8 9. Nbxd4 Nd5 10. Nxc6 bxc6 11. Bd4 f6 12. Bc4 c5 13. Bb5+ Kf7 14. Be3 Rb8 15. c4 Be7 16. Bd2 Nc7 17. Ba4 Qd3 18. Bb3 Na6 19. Qe2 Nb4 20. Bxb4 Qxe2+ 21. Kxe2 Rxb4 22. Rhd1 a5 23. Rd2 Ba6 24. Rc1 a4 25. Bd1 Bxc4+ 26. Ke1 Bxa2 27. Rd7 Rc8 28. Ra7 Rxb2 29. Bxa4 Bd5 30. Bd7 Ra8 31. Rxa8 Bxa8 32. Nd2 Bxg2 33. Nc4 Ra2 34. Rb1 Bd5 35. Ne3 Ra7 36. Bb5 Be4 37. Rc1 f5 38. Bc4 Kf6 39. Ke2 Bd6 40. f3 Bc6 41. h4 Bf4 42. Rc3 Ra4 43. Ng2 Be5 44. Rc2 Rxc4 45. Rxc4 Bb5 46. Kd3 Bd4 47. Ne1 e5 48. Nc2 e4+ 49. fxe4 fxe4+ 0-1

[Event "Grand Prix Romania 1st Stage 2024"]
[Site "Bucuresti"]
[Date "2024.03.23"]
[Round "2.2"]
[White "Ponomariov, Ruslan"]
[Black "Puskas, Andras"]
[Result "1-0"]
[ECO "D12"]
[WhiteElo "2646"]
[BlackElo "2097"]
[Annotator "TA"]
[PlyCount "99"]
[EventDate "2024.03.20"]
[EventType "swiss"]
[EventCountry "ROU"]
[SourceTitle "playchess.com"]
[Source "ChessBase"]
[SourceQuality "1"]
[TimeControl "900+5"]

1. d4 d5 2. c4 c6 3. Nf3 Nf6 4. e3 Bf5 5. Nc3 e6 6. Nh4 Bg6 7. Be2 Nbd7 8. g3 Bb4 9. O-O {[%emt 0:00:14] Weiß steht etwas besser.} Be7 10. Nxg6 hxg6 11. Qc2 dxc4 12. Bxc4 Qa5 13. Be2 {[%emt 0:01:19] Pariert Ng4.} Qf5 14. Qxf5 gxf5 15. Kg2 g5 16. h3 O-O-O 17. Bd2 Rdg8 18. a3 Bd6 19. Rac1 Kd8 20. Rc2 Ne4 21. Be1 Ndf6 22. f3 Nxc3 23. bxc3 Nd5 (23... Bxa3 $6 24. Ra2 Bd6 25. Rxa7 $16) 24. Bd2 f4 (24... Bxa3 $2 25. Ra1 Bd6 26. Rxa7 $18) 25. e4 Nb6 (25... Ne7 $11) 26. g4 ({Besser ist} 26. Rb1 $14) 26... Rf8 (26... Bxa3 27. c4 c5 28. Ra1 $18) 27. a4 e5 {[%emt 0:01:04] Damit ist Schwarz auf der Verliererstraße.} (27... Nxa4 $6 28. Ra1 Nb6 29. Rxa7 $16) (27... Rh6 $14) 28. a5 Nc8 29. Rb1 Kc7 (29... b6 $142) 30. Rcb2 {[%emt 0:00:05] Weiß steht aktiver.} b6 31. axb6+ axb6 32. Be1 $36 {[%emt 0:00:04][%mdl 2048] Weiss hat starke Initiative.} Rh6 33. Bf2 exd4 34. cxd4 Rfh8 {[%emt 0:00:02] [#]} 35. h4 gxh4 36. Kh3 f6 37. Ba6 b5 38. d5 Ba3 $2 (38... b4 39. Be1 cxd5 (39... c5 $2 40. Rc2 $18) 40. exd5 (40. Bxb4 Bxb4 41. Rc1+ Kd7 $18) 40... f5 41. Rc2+ (41. gxf5 Ne7 $18) (41. Bxb4 fxg4+ 42. fxg4 Bxb4 $16) 41... Kd7 42. gxf5 (42. Bxb4 Bxb4 43. Bb5+ Kd6 $16) 42... Rf6 43. Bb5+ (43. Bxb4 Bxb4 44. Bb5+ Kd6 $14) 43... Ke7 44. Re2+ (44. Bxb4 Bxb4 45. Rxb4 Rd8 $18) 44... Kd8) 39. Rc2 $18 {[%emt 0:00:12][%csl LRb5,LRc6] Weiß steht klar auf Gewinn.} b4 40. Rxc6+ {[%emt 0:00:05] Schwarz ist schwach auf den weissen Feldern} Kd7 41. Bc5 f5 42. Bxc8+ Rxc8 43. Rxh6 {[%emt 0:00:02] [#] Weiss droht Rh7+ und Matt.} fxg4+ 44. Kxg4 Rxc5 45. Rxh4 {[%emt 0:00:11] KRR-KRB} Rc3 46. Rh6 {[%emt 0:00:21][%cal Oe4e5] Zielt auf e5! ab.} b3 47. Rb6 b2 48. R1xb2 Bxb2 49. Rxb2 {[%emt 0:00:01][%cal Oe4e5] jetzt e5! und aus.} Ra3 50. Kxf4 {[%emt 0:00:03] Gewichteter Fehlerwert: Weiß=0.10 (sehr präzise) /Schwarz=0.18 (sehr präzise) .  Fehler:       	Weiß=1     	Schwarz=4     Ungenau:       	Weiß=3     	Schwarz=5     OK:         	Weiß=15    	Schwarz=10    Bester:       	---       	Schwarz=1} (50. Rb5 $142 Ra4 51. Kxf4) 1-0

[Event "Grand Prix Romania 1st Stage 2024"]
[Site "Bucuresti"]
[Date "2024.03.23"]
[Round "2.3"]
[White "Barbu, Simon-Alexandru"]
[Black "Sarana, Alexey"]
[Result "0-1"]
[ECO "B23"]
[WhiteElo "1998"]
[BlackElo "2699"]
[Annotator "TA"]
[PlyCount "78"]
[EventDate "2024.03.20"]
[EventType "swiss"]
[EventCountry "ROU"]
[SourceTitle "playchess.com"]
[Source "ChessBase"]
[SourceQuality "1"]
[TimeControl "900+5"]

1. e4 c5 2. Nc3 e6 3. f4 d5 4. Nf3 d4 5. Bb5+ Nd7 6. Ne2 Ngf6 7. Bxd7+ Nxd7 8. d3 {[%emt 0:00:05] The position is equal.} b6 9. O-O Bb7 10. Qe1 Bd6 11. Qg3 g6 12. Qh3 f5 13. c3 dxc3 $1 14. bxc3 Qe7 15. Ng5 O-O-O 16. e5 $1 Bc7 17. d4 h6 18. Nf3 g5 19. fxg5 hxg5 20. Bxg5 Qf7 21. Qg3 Rdg8 22. Qf4 Qh5 {[%emt 0:02:42] [#] aiming for ...Bxf3.} 23. h4 Bd8 (23... Nf8 $11) 24. Ng3 ({White should try} 24. Kf2 $14) 24... Qg6 ({Black should play} 24... Qh7 $15) 25. Bxd8 $11 Kxd8 26. Ng5 Bd5 (26... Kc8 $11 {keeps the balance.}) 27. Rad1 (27. Rf2 $16) 27... c4 $1 28. a4 (28. Rb1 $11 {is more appropriate.}) 28... Ke7 (28... Kc8 $15) 29. Kf2 Nf8 {[%emt 0:00:40] Threatens to win with ...Qh6. Chess con chili.} 30. Rh1 Qe8 {[%emt 0:00:32] [#]} (30... Kd7 $11 {remains equal.}) 31. a5 $1 $16 {[%emt 0:00:01] Hoping for axb6.} b5 {[%emt 0:00:33] ...Ng6 is the strong threat.} (31... Kd7 32. axb6) 32. Nf3 $2 {[%emt 0:00:13][%mdl 8192] Excellent horsemanship. White does not recover from this.} (32. Qc1 $16 {keeps the pressure on. And now Qa3+ would win.} Kd8 33. Qa3) 32... Rg4 $19 33. Qc1 Qg6 34. Qa3+ $2 (34. h5 {was forced.} Qg8 35. Nxf5+ exf5 36. Qa3+ Ke8 37. Rdg1) 34... Ke8 35. h5 Qg7 36. Rh3 (36. Qd6 $142 Rxg3 37. Qb8+ Ke7 38. Qd6+ Kf7 39. Qc7+ Kg8 40. Qxg7+ Rxg7 41. h6) 36... f4 37. Ne2 Rxg2+ 38. Kf1 Rxe2 39. Kxe2 Qg2+ {[%emt 0:00:01] Weighted Error Value: White=0.84/Black=0.15 (very precise) .  Loses game:     	White=1     	---        Mistake:       	White=5     	Black=5      Inaccurate:     	White=3     	Black=3      OK:         	White=11    	Black=10     Best:        	White=1     	Black=3      Strong:       	White=1     	Black=2} 0-1

[Event "Grand Prix Romania 1st Stage 2024"]
[Site "Bucuresti"]
[Date "2024.03.23"]
[Round "2.4"]
[White "Deac, Bogdan-Daniel"]
[Black "Lehaci, Miruna-Daria"]
[Result "1-0"]
[ECO "D27"]
[WhiteElo "2690"]
[BlackElo "2247"]
[Annotator "TA"]
[PlyCount "62"]
[EventDate "2024.03.20"]
[EventType "swiss"]
[EventCountry "ROU"]
[SourceTitle "playchess.com"]
[Source "ChessBase"]
[SourceQuality "1"]
[TimeControl "900+5"]

1. d4 e6 2. Nf3 d5 3. e3 Nf6 4. c4 a6 5. b3 dxc4 6. Bxc4 Nbd7 7. O-O c5 8. Bb2 Be7 9. dxc5 (9. Nbd2 {is more complex.} b6 10. Ng5 cxd4 11. Bxe6 O-O 12. Qf3) 9... Bxc5 10. Qe2 O-O 11. Nbd2 {[%emt 0:02:57] White is slightly better.} Qe7 12. Bd3 Rd8 13. Rfd1 b5 14. a4 b4 15. Nc4 Ra7 {[%emt 0:00:56] [#]} ({Better is} 15... a5 $1 $14) 16. Na5 $1 $36 {[%emt 0:00:22][%mdl 2048] Keeping Black busy. White is much more active.} Nb8 {[%emt 0:00:10] Repels Nc6} 17. Rac1 {[%emt 0:00:47][%cal Ba1c1,Bc1c5,Bc5c3][%mdl 32] Hoping for Be5.} Nd5 {[%emt 0:00:31] [#]} 18. Bxh7+ $1 Kxh7 19. Qc2+ Kg8 {[%emt 0:00:06] aiming for ...Rc7.} 20. Qxc5 Qxc5 21. Rxc5 {[%emt 0:00:02] e4 would now be deadly.} Rad7 22. Re1 (22. Rdc1 $18 Ne7 23. Bd4) 22... Nc3 {[%emt 0:00:09] Loses the game.} (22... f6 $16 {was called for.} 23. Kf1 Bb7 24. Nxb7 Rxb7) 23. Bxc3 $18 bxc3 24. Rxc3 Rd5 25. Nc4 {[%emt 0:00:13] Black must now prevent Nb6.} Bb7 {[%emt 0:00:03] White is clearly better.} 26. Kf1 Nc6 27. Nb6 Rd3 28. Rxd3 Rxd3 29. Rb1 Nb4 30. Nc4 (30. Ne1 $18 Rd8 31. h4) 30... Be4 31. Nfd2 Bg6 {[%emt 0:00:13] Weighted Error Value: White=0.16 (very precise) /Black=0.20 (precise) .  Mistake:       	White=2     	Black=2      Inaccurate:     	White=1     	Black=1      OK:         	White=7     	Black=6      Best:        	White=2     	Black=1} 1-0

[Event "Grand Prix Romania 1st Stage 2024"]
[Site "Bucuresti"]
[Date "2024.03.23"]
[Round "2.5"]
[White "Angelov, Zvetomir"]
[Black "Safarli, Eltaj"]
[Result "0-1"]
[ECO "A34"]
[WhiteElo "2077"]
[BlackElo "2614"]
[Annotator "TA"]
[PlyCount "106"]
[EventDate "2024.03.20"]
[EventType "swiss"]
[EventCountry "ROU"]
[SourceTitle "playchess.com"]
[Source "ChessBase"]
[SourceQuality "1"]
[TimeControl "900+5"]

1. c4 c5 2. Nc3 Nf6 3. Nf3 e6 4. g3 d5 5. Bg2 d4 6. Nb1 Nc6 7. d3 h6 8. O-O {[%emt 0:00:03] Black is slightly better.} Be7 9. a3 O-O 10. b4 cxb4 11. axb4 Bxb4 12. Ba3 Bxa3 13. Rxa3 e5 14. Nbd2 Re8 15. Qb1 Rb8 16. h3 (16. Nh4 $15 {feels stronger.} Bg4 17. Re1) 16... Bf5 17. Nh4 Bh7 18. Qb5 (18. Qb2 $142) 18... e4 $17 19. dxe4 Nxe4 20. Nxe4 Bxe4 21. Nf3 Qe7 22. Ra2 Rbd8 23. Rb2 (23. Qa4 $17 {was worth a try.}) 23... b6 (23... Qf6 $19 {Strongly threatening ...d3.} 24. Nh2 b6) 24. Rd1 (24. Qa4 $17 {might work better.}) 24... d3 $19 25. e3 Qf6 26. Nd2 Bxg2 27. Kxg2 Ne5 (27... Re5 $19 {is more deadly.} 28. Qb3 Rf5) 28. Ra2 Qe7 (28... a5 {keeps more tension.} 29. c5 Qe6 30. Rda1 bxc5 31. Qxc5 Rd5) 29. Rda1 Qb7+ 30. e4 Nc6 (30... a5 $6 31. Rxa5 Qe7 32. Ra7 $11 (32. Qxb6 $2 Nxc4 33. Nxc4 Qxe4+ 34. Kg1 Qxc4 $19)) 31. c5 Re5 32. Rb1 (32. Rc1 $17) 32... Qd7 {[%emt 0:00:31] ...Rh5 is the strong threat.} (32... Rxc5 $2 33. Qxc5 Nd4 34. Qa3 $18) 33. Rc1 Kh8 (33... Rh5 $1 $19 34. h4 Kh7) 34. Nf3 $17 Rxc5 ({Reject} 34... Rxe4 $6 35. cxb6 Re6 36. b7 $11) 35. Rxc5 bxc5 36. Qxc5 a5 (36... Qb7 $17) 37. Nd2 (37. Ra3 $11 {remains equal.}) 37... Qe6 (37... Qb7 $17) 38. Ra3 Kg8 39. Rc3 $2 (39. Qb5 $11 {and White has nothing to worry.}) 39... Rd6 $2 ({Better is} 39... Qa2 $1 $19 40. Qb6 Qxd2 41. Rxc6 Qg5) 40. Qe3 {[%emt 0:01:06] [#]} (40. Qb5 $11 {and White is okay.}) 40... Nb4 (40... Nd4 $1 $19 {Threatens to win with ...a4.} 41. Kh2 Nc2) 41. Qa7 $1 $15 Rc6 $36 {[%emt 0:00:44][%mdl 2048] Black has strong initiative.} 42. Qa8+ Kh7 {[%emt 0:00:01] Black is more active.} 43. Rxc6 Nxc6 $17 {[%emt 0:00:02][%mdl 4096] Endgame. KQN-KQN} 44. Qa6 Qd7 45. Qc4 $2 {[%emt 0:00:09] [#]} (45. h4 $17) 45... Nd8 $1 $19 46. Kf3 (46. Qc3 $142 a4 47. h4) 46... a4 {[%emt 0:00:04][%cal Od8e6] Hoping for ...Ne6!} ({Less strong is} 46... Qxh3 47. Qd5 $15) 47. Ke3 Ne6 {[%emt 0:00:40] White must now prevent ...a3.} ({Inferior is} 47... Qxh3 48. Qxa4 Qg4 49. Nf3 $11) 48. h4 (48. Qxd3 $142 Qa7+ 49. Kf3 Nd4+ (49... a3 $2 50. Nb3 $19) 50. Ke3 Nc6+ 51. Ke2) 48... Qa7+ 49. Kf3 a3 50. Nb3 a2 {[%emt 0:00:07][%cal Oe6d4] ( -> ...Nd4+!)} 51. Na1 Qd4 {[%emt 0:00:10] Black mates.} 52. Qxd4 Nxd4+ 53. Ke3 Nc2+ {[%emt 0:00:02] Weighted Error Value: White=0.81/Black=0.35.  Loses game:     	White=3     	---        Missed win:     	---       	Black=1      Mistake:       	White=8     	Black=6      Inaccurate:     	White=3     	Black=2      OK:         	White=8     	Black=12     Best:        	White=6     	Black=3      Strong:       	White=1     	Black=1} 0-1

[Event "Grand Prix Romania 1st Stage 2024"]
[Site "Bucuresti"]
[Date "2024.03.23"]
[Round "2.6"]
[White "Sokolov, Ivan"]
[Black "Ignat, Matei-Marius"]
[Result "1-0"]
[ECO "E60"]
[WhiteElo "2590"]
[BlackElo "2072"]
[Annotator "TA"]
[PlyCount "63"]
[EventDate "2024.03.20"]
[EventType "swiss"]
[EventCountry "ROU"]
[SourceTitle "playchess.com"]
[Source "ChessBase"]
[SourceQuality "1"]
[TimeControl "900+5"]

1. d4 Nf6 2. c4 g6 3. h4 Bg7 4. Nc3 Nc6 5. Nf3 d6 6. d5 Nb8 7. e4 e6 8. Be2 {[%emt 0:00:04] Die Stellung ist ausgeglichen.} (8. h5 {mit weiteren Verwicklungen.} Nxh5 9. Bg5 Nf6 10. Qd2) 8... O-O 9. dxe6 Bxe6 10. Nd4 Re8 11. h5 c6 12. hxg6 hxg6 {[%emt 0:00:08] Weiß behält die Zügel nun fest in der Hand.} (12... fxg6 $14 13. Nxe6 Rxe6) 13. Bh6 {[%emt 0:00:02] Weiß steht aktiver.} Bh8 (13... Bxh6 $16 {kämpft weiter.} 14. Rxh6 Bd7) 14. Qd2 $18 Nbd7 15. O-O-O Rc8 16. Kb1 d5 $2 {[%emt 0:00:08] [#]} (16... Nc5) 17. Bg5 Bg7 18. cxd5 cxd5 19. exd5 Rxc3 20. dxe6 ({Schwächer ist} 20. bxc3 Bxd5 21. f3 Qb6+ 22. Ka1 a6 $16) 20... Rc5 21. exd7 Qxd7 22. Bf3 Ne4 23. Bxe4 Rxe4 24. Nf3 Qf5 {[%emt 0:00:08] [#] Weiss muss nun ...Rd4+ beachten.} 25. Ka1 Re8 {[%emt 0:00:23] Verhindert Qd8.} 26. Rhe1 Rec8 27. Rc1 Rb5 28. Rxc8+ Qxc8 29. Rb1 Qc7 30. Be3 Ra5 (30... a6 $142 31. a3 Bh8) 31. Bd4 (31. Rc1 $142 Qxc1+ 32. Qxc1) 31... Bf8 (31... Rd5 $142 32. Qc3 Qxc3 33. bxc3 b6 34. Bxg7 Kxg7) 32. Rh1 {[%emt 0:00:09] Gewichteter Fehlerwert: Weiß=0.28 (präzise) /Schwarz=0.45.  Fehler:       	Weiß=1     	Schwarz=5     Ungenau:       	Weiß=2     	---        OK:         	Weiß=14    	Schwarz=7     Bester:       	Weiß=1     	---} 1-0

[Event "Grand Prix Romania 1st Stage 2024"]
[Site "Bucuresti"]
[Date "2024.03.23"]
[Round "2.7"]
[White "Korcsek, Alexandru-David"]
[Black "Mamedov, Rauf"]
[Result "0-1"]
[ECO "B07"]
[WhiteElo "2022"]
[BlackElo "2651"]
[Annotator "TA"]
[PlyCount "72"]
[EventDate "2024.03.20"]
[EventType "swiss"]
[EventCountry "ROU"]
[SourceTitle "playchess.com"]
[Source "ChessBase"]
[SourceQuality "1"]
[TimeControl "900+5"]

1. e4 c5 2. c3 d6 3. d4 Nf6 4. Bd3 g6 5. h3 Bg7 6. Nf3 O-O 7. O-O Qc7 8. Re1 Nfd7 9. Bf4 Nc6 10. Bc2 b5 {[%emt 0:00:45] The position is equal.} 11. Qd2 Qb6 12. dxc5 Nxc5 13. Bh6 Bb7 14. Bxg7 Kxg7 15. Qf4 (15. Na3 $5) 15... e5 16. Qg3 b4 {[%emt 0:00:50] [#] ...bxc3 would now be deadly.} 17. Nbd2 Ba6 18. Nb3 Ne6 19. Rad1 Rad8 20. Bd3 Bxd3 21. Rxd3 Qa6 22. Nfd2 Nf4 (22... Qxa2 $6 23. Ra1 Qxb2 24. Rb1 $11) 23. Rde3 bxc3 ({Don't play} 23... Qxa2 24. Ra1 Qxb2 25. Rb1 $11) 24. bxc3 Rb8 (24... Qxa2 $6 25. Ra1 Qc2 26. Rc1 $11) 25. Qf3 Ne7 ({Much worse is} 25... Qxa2 26. Ra1 Qc2 27. Rc1 $11) 26. Ra1 f5 {[%emt 0:00:39] Black has more active pieces.} 27. Kh2 Ne6 28. exf5 Nxf5 29. Ree1 Nf4 30. Ne4 $2 (30. c4 $1 $15) 30... d5 31. Nec5 Qd6 32. Rad1 {[%emt 0:00:04] g3 is the strong threat.} e4 $36 {[%emt 0:00:33][%mdl 2048] Keeping White busy.} 33. Nxe4 dxe4 34. Rxe4 Nd3+ 35. Kg1 Rbd8 {[%cal Od3e5] Strongly threatening ...Ne5!} 36. Nc1 $2 {[%emt 0:00:00][%mdl 8192] [#]} (36. Rd2 $17) 36... Ne5 $1 {[%emt 0:00:06] Weighted Error Value: White=0.39/Black=0.13 (very precise) .  Loses game:     	White=2     	---        Inaccurate:     	White=3     	Black=3      OK:         	White=9     	Black=8      Best:        	White=2     	Black=1      Strong:       	---       	Black=1} 0-1

[Event "Grand Prix Romania 1st Stage 2024"]
[Site "Bucuresti"]
[Date "2024.03.23"]
[Round "2.8"]
[White "Korobov, Anton"]
[Black "Toma, Iustin"]
[Result "1-0"]
[ECO "A58"]
[WhiteElo "2662"]
[BlackElo "1891"]
[Annotator "TA"]
[PlyCount "83"]
[EventDate "2024.03.20"]
[EventType "swiss"]
[EventCountry "ROU"]
[SourceTitle "playchess.com"]
[Source "ChessBase"]
[SourceQuality "1"]
[TimeControl "900+5"]

1. d4 Nf6 2. c4 c5 3. d5 b5 4. cxb5 a6 5. bxa6 e6 6. dxe6 fxe6 7. Nf3 Bxa6 8. g3 {[%emt 0:00:02] White is slightly better.} Nc6 9. Bh3 Qa5+ (9... Be7 $11) 10. Bd2 (10. Nc3 $14 {is more appropriate.}) 10... Qb6 11. Bc3 {[%emt 0:00:26] Prevents Nd4.} Be7 12. O-O Nb4 (12... O-O $11 {keeps the balance.}) 13. b3 Nbd5 14. Bb2 O-O 15. Nbd2 Qa5 16. Nc4 Bxc4 17. bxc4 Nb6 18. Ne5 (18. Qd3 $18) 18... Rad8 {[%emt 0:00:42] Black cannot hold the game after this.} (18... Na4 $16 {might work better.}) 19. a4 $18 Kh8 20. Qc2 Bd6 21. Rfd1 Bc7 22. Bg2 Bxe5 23. Bxe5 Ng4 24. Bc3 Qa6 25. Bf3 {[%emt 0:00:03] This pair of bishops is nice.} Nf6 26. Bxf6 Rxf6 27. Rd6 Qa5 28. Rb1 Nc8 29. Rd3 d6 (29... e5 $142 30. Rd5 d6) 30. Rb5 {[%emt 0:00:12] Black is weak on the light squares} Qa7 31. a5 ({Don't take} 31. Rb7 Qa6 32. Qb3 d5) 31... Rd7 32. Ra3 {[%emt 0:00:28] [#] Black must now prevent a6.} Ne7 33. a6 Rf8 34. Qe4 d5 35. Qxe6 dxc4 36. Qxc4 Rc7 37. Kg2 Nf5 38. Qf4 {[%emt 0:00:16] [#] Threatens to win with Rb7.} Rcf7 39. Rb7 Rxb7 40. axb7 {[%emt 0:00:02] White mates.} Qxa3 41. b8=Q (41. b8=B Ne3+ 42. Qxe3 Qxe3 43. fxe3 Rxb8 $19) 41... c4 42. Qbe5 {[%emt 0:00:20] Weighted Error Value: White=0.28 (precise) /Black=0.49.  Mistake:       	White=2     	Black=4      Inaccurate:     	---       	Black=3      OK:         	White=15    	Black=4      Best:        	---       	Black=2} 1-0

[Event "Grand Prix Romania 1st Stage 2024"]
[Site "Bucuresti"]
[Date "2024.03.23"]
[Round "2.9"]
[White "Kuzubov, Yuriy"]
[Black "Stan, Andrei-Mihaita"]
[Result "1-0"]
[ECO "B14"]
[WhiteElo "2605"]
[BlackElo "2042"]
[Annotator "TA"]
[PlyCount "75"]
[EventDate "2024.03.20"]
[EventType "swiss"]
[EventCountry "ROU"]
[SourceTitle "playchess.com"]
[Source "ChessBase"]
[SourceQuality "1"]
[TimeControl "900+5"]

1. d4 Nf6 2. Nf3 c5 3. e3 e6 4. c4 cxd4 5. exd4 d5 6. Nc3 Be7 7. cxd5 Nxd5 8. Bd3 O-O 9. O-O Nc6 10. a3 b6 11. Nxd5 Qxd5 12. Qc2 Nxd4 $2 (12... Bb7 $11 {and Black is okay.} 13. Bxh7+ Kh8) 13. Nxd4 $18 Qxd4 14. Bxh7+ Kh8 {[%emt 0:00:00] [#] aiming for ...g6. White is better.} 15. Be3 (15. Be4 $142 Ba6 16. Rd1) 15... Qh4 $16 16. Be4 Ba6 17. Bxa8 Bxf1 18. Rxf1 Rxa8 19. Qc7 f5 {[%emt 0:03:04] [#]} (19... Bf6 $16) 20. Qb7 $1 $18 Rf8 21. g3 Qf6 22. Qxa7 b5 23. h4 {[%emt 0:02:29] Black must now prevent Bg5.} Bd6 24. Rd1 (24. Qa6 $18 f4 25. Qxd6 fxe3 26. Qc5) 24... Bb8 $16 25. Qd4 $36 {[%emt 0:00:10][%mdl 2048] White is on the roll. White is more active. Black is weak on the dark squares} e5 (25... Be5 $16 {was called for.} 26. Qb4 f4 27. Bxf4 Bxf4 28. Qxf4 (28. gxf4 Qg6+ 29. Kf1 Qf5 $14) 28... Qxf4 29. gxf4 Rxf4) 26. Qb6 Qf7 $2 {[%emt 0:00:21] Wards off Rd5} (26... f4 $16 27. Qxf6 gxf6) 27. Rd8 $18 (27. Qxb5 f4 28. Bc5 fxg3 $14) 27... Rxd8 28. Qxd8+ Qg8 29. Qxg8+ Kxg8 {[%emt 0:00:01][%mdl 4096] Endgame. KB-KB} 30. b3 Kf7 31. a4 bxa4 32. bxa4 Bc7 33. Bd2 f4 34. gxf4 exf4 35. a5 {[%emt 0:00:15] White mates.} Kg6 36. a6 Bb6 37. Bxf4 Kf5 38. Be3 {[%emt 0:00:02] Weighted Error Value: White=0.13 (very precise) /Black=0.77.  Loses game:     	---       	Black=1      Mistake:       	White=2     	Black=2      Inaccurate:     	---       	Black=4      OK:         	White=8     	Black=5      Best:        	White=4     	Black=4} 1-0